 Dungeon Crawl Stone Soup version 0.28-a0-906-g0406aca7d3 (webtiles) character file.

Game seed: 8759115170703893621

800 siradein the Vexing (level 7, -1/41 HPs)
             Began as a Deep Elf Arcane Marksman on Nov 24, 2021.
             Slain by a gnoll (4 damage)
             ... on level 4 of the Dungeon.
             The game lasted 00:23:51 (6435 turns).

siradein the Vexing (Deep Elf Arcane Marksman)      Turns: 6435, Time: 00:23:51

Health: -1/41      AC:  3    Str:  7    XL:     7   Next: 59%
Magic:  12/16      EV: 17    Int: 20    God:
Gold:   152        SH:  0    Dex: 15    Spells: 7/16 levels left

rFire   . . .      SeeInvis .   C - +0 halberd
rCold   . . .      Faith    .   (shield currently unavailable)
rNeg    . . .      Spirit   .   l - +0 leather armour
rPois   .          Reflect  .   (no helmet)
rElec   .          Harm     .   (no cloak)
rCorr   .          Rampage  .   (no gloves)
Will    +....                   (no boots)
Stlth   +.........              (no amulet)
HPRegen 0.13/turn               p - ring of willpower
MPRegen 0.15/turn               u - +4 ring of evasion

@: no status effects
A: no striking features
a: no special abilities


You were on level 4 of the Dungeon.
You visited 1 branch of the dungeon, and saw 5 of its levels.

You collected 152 gold pieces.

Inventory:

Hand Weapons
 a - a +0 hand crossbow
 y - a +2 dagger of holy wrath
 C - a +0 halberd (weapon)
Missiles
 c - 19 poisoned darts
 d - a throwing net
 k - 5 datura-tipped darts
 n - 50 arrows
 A - 3 boomerangs
 B - 104 stones (quivered)
Armour
 l - a +0 leather armour (worn)
 z - a +1 ring mail of poison resistance
Jewellery
 p - a ring of willpower (left hand)
 u - a +4 ring of evasion (right hand)
Scrolls
 e - 3 scrolls of magic mapping {unknown}
 g - a scroll of noise {unknown}
 h - a scroll of fog {unknown}
 j - a scroll of enchant armour {unknown}
 m - 3 scrolls of identify {unknown}
 q - a scroll of fear {unknown}
 r - a scroll of torment {unknown}
 s - a scroll of teleportation {unknown}
 w - 2 scrolls of acquirement {unknown}
 x - a scroll of amnesia {unknown}
 D - a scroll of immolation {unknown}
Potions
 b - a potion of brilliance {unknown}
 f - 2 potions of heal wounds
 i - a potion of haste {unknown}
 o - a potion of magic {unknown}
 t - a potion of curing {unknown}
 v - a potion of mutation {unknown}


   Skills:
 + Level 3.1 Fighting
 + Level 3.9 Crossbows
 + Level 5.1 Dodging
 + Level 5.0 Spellcasting
 + Level 6.4 Hexes


You had 7 spell levels left.
You knew the following spells:

 Your Spells              Type           Power      Damage    Failure   Level
a - Slow                  Hex            100%       N/A       1%          1
b - Ensorcelled Hibernat  Hex/Ice        34%        N/A       7%          2
c - Inner Flame           Hex/Fire       17%        N/A       14%         3
d - Portal Projectile     Hex/Tloc       34%        N/A       14%         3

Your spell library contained the following spells:

 Spells                   Type           Power      Damage    Failure   Level
 Cause Fear               Hex            15%        N/A       13%         4
 Spider Form              Tmut/Pois      5%         N/A       45%         3


Dungeon Overview and Level Annotations

Branches:
Dungeon (5/15)
 Temple: D:4-7

Altars:
Dithmenos
Okawaru
Qazlal
The Shining One

Shops:
D:2 :

Annotations:
D:5 Blork the orc


Message History

The gnoll closely misses you.
There is a stone staircase leading down here.
Casting: Slow (safe; 1% risk of failure)
Confirm with . or Enter, or press ? or * to list all spells.
Aiming: Slow (safe; 1% risk of failure)
Press: ? - help, Shift-Dir - straight line, f - gnoll
Aim: a gnoll, wielding a +0 halberd (chance to affect: 73%)
The gnoll struggles to resist.
Casting: Slow (safe; 1% risk of failure)
Confirm with . or Enter, or press ? or * to list all spells.
Aiming: Ensorcelled Hibernation (safe; 7% risk of failure)
Press: ? - help, Shift-Dir - straight line, f/p - gnoll
Aim: a gnoll, wielding a +0 halberd (chance to affect: 56%)
The gnoll resists with significant effort.
The gnoll hits you from afar with a +0 halberd!
* * * LOW HITPOINT WARNING * * *
Casting: Ensorcelled Hibernation (safe; 7% risk of failure)
Confirm with . or Enter, or press ? or * to list all spells.
Aiming: Ensorcelled Hibernation (safe; 7% risk of failure)
Press: ? - help, Shift-Dir - straight line, f/p - gnoll
Aim: a gnoll, wielding a +0 halberd (chance to affect: 56%)
The gnoll looks drowsy...
You are too injured to fight recklessly!
The gnoll shouts!
The gnoll closely misses you.
You closely miss the gnoll. The gnoll closely misses you.
You puncture the gnoll!
The gnoll is almost dead.
The gnoll is no longer moving slowly.
The gnoll closely misses you. The gnoll barely misses you.
You hit the gnoll.
You kill the gnoll!
The gnoll completely misses you.
You slash the gnoll!
The gnoll is heavily wounded.
The gnoll barely misses you.
You barely miss the gnoll.
The gnoll is heavily wounded.
The gnoll hits you with a +0 flail.
You die...

#..###.........≈
#..###..≈≈≈≈≈≈≈.
#.......≈.....g#
#.##g#..≈.#####.
#....#..≈.#....≈
####....#..≈.#.≈≈≈(
#.###...#..≈g#.≈_.#
#.####g.#..≈.#.≈...
#.@gg#.>###g≈.#.≈.g
####g#..# #.≈.#.≈≈.
#....# #.≈.#...#
####.# #.≈.####.
#...#.≈.....≈
######.≈≈≈≈≈≈.
#....#.......#
#.###########.
####.#........###


You could see 3 gnolls.

Vanquished Creatures
  Prince Ribbit (D:5)
  A necrophage (D:4)
  2 howler monkeys (D:5)
  2 orc priests (D:5)
  3 centaur skeletons
  3 iguanas
  An orc wizard (D:5)
  A howler monkey skeleton (D:5)
  4 gnolls
  5 adders
  An ufetubus (D:5)
  2 worms (D:2)
  13 orcs
  5 ball pythons
  7 bats
  5 endoplasms
  2 giant cockroaches
  10 goblins
  5 hobgoblins
  4 jackals
  7 frilled lizards
  3 kobolds
  6 rats
93 creatures vanquished.

Vanquished Creatures (others)
  9 plants (D:2)
9 creatures vanquished.

Grand Total: 102 creatures vanquished

Notes
Turn   | Place    | Note
-------+----------+-------------------------------------------
     0 | D:1      | siradein the Deep Elf Arcane Marksman began the quest for
                  | the Orb.
     0 | D:1      | Reached XP level 1. HP: 11/11 MP: 5/5
   270 | D:1      | Reached skill level 1 in Fighting
   271 | D:1      | Reached XP level 2. HP: 16/16 MP: 6/6
   673 | D:2      | Found Xanyn's Book Emporium.
  1048 | D:2      | Reached XP level 3. HP: 20/20 MP: 8/8
  1051 | D:2      | Learned a level 2 spell: Ensorcelled Hibernation
  1925 | D:2      | Reached XP level 4. HP: 8/25 MP: 5/9
  1929 | D:2      | Learned a level 3 spell: Inner Flame
  3101 | D:3      | Reached XP level 5. HP: 16/30 MP: 5/11
  3248 | D:3      | Learned a level 3 spell: Portal Projectile
  3376 | D:3      | Found a stormy altar of Qazlal.
  3391 | D:3      | Reached skill level 5 in Hexes
  3950 | D:4      | Found a glowing golden altar of the Shining One.
  3951 | D:4      | Found a shadowy altar of Dithmenos.
  4040 | D:4      | Noticed a necrophage
  4072 | D:4      | Noticed a black bear
  4081 | D:5      | Entered Level 5 of the Dungeon
  4419 | D:5      | Reached XP level 6. HP: 28/35 MP: 4/13
  4698 | D:5      | Found an iron altar of Okawaru.
  4701 | D:5      | Noticed Prince Ribbit
  4704 | D:5      | Killed Prince Ribbit
  4705 | D:5      | Reached skill level 6 in Hexes
  4705 | D:5      | Reached XP level 7. HP: 40/40 MP: 10/15
  5022 | D:5      | Noticed Blork the orc
  5960 | D:4      | Reached skill level 5 in Dodging
  6138 | D:4      | Reached skill level 5 in Spellcasting
  6428 | D:4      | HP: 2/41 [gnoll (11)]
  6435 | D:4      | Slain by a gnoll

Illustrated notes

Levels and vault maps discovered:
D:1:      dpeg_arrival_rhombi, layout_basic, minmay_split_cup_small
D:2:      layout_loops_ring, serial_shops, nicolae_shop_crystal,
          minmay_misc_feat_tower, roderic_lattice_a,
          corexii_item_surrounded_by_moat, serial_bayou_ford_a,
          kennysheep_pointless_box, minmay_lizard_pond
D:3:      layout_rooms, grunt_qazlal_clouds, minmay_unequal
D:4:      layout_basic, nicolae_overflow_squiral
D:5:      layout_loops_ring, mainiacjoe_overflow_concentric_impassable,
          uniq_blork_the_orc, uniq_prince_ribbit1

Skill      XL: |  1  2  3  4  5  6  7 |
---------------+----------------------+-----
Fighting       | 1 2 3 |  3.1
Crossbows      | 2 3 |  3.9
Spellcasting   | 2 3 4 5 |  5.0
Dodging        | 3 4 5 |  5.1
Hexes          | 5 6 |  6.4

Action                   |  1- 3 |  4- 6 |  7- 9 || total
-------------------------+-------+-------+-------++-------
Melee: Halberd           |       |       |    29 ||    29
       Unarmed           |       |       |    17 ||    17
 Fire: Hand crossbow     |    99 |   115 |    18 ||   232
Throw: Stone             |       |       |    52 ||    52
       Dart              |       |       |     5 ||     5
 Cast: Ensorcelled Hiber |    16 |    22 |     2 ||    40
       Slow              |     4 |    10 |    21 ||    35
       Inner Flame       |       |    13 |    12 ||    25
 Stab: Sleeping          |       |       |     1 ||     1
Armor: Robe              |     2 |       |       ||     2
       Leather armour    |       |    17 |     4 ||    21
       Ring mail         |       |       |     4 ||     4
Dodge: Dodged            |    38 |    53 |    68 ||   159

Table legend: (Time is in decaauts)
 A = Elapsed time spent in this place.
 B = Non-inter-level travel time spent in this place.
 C = Inter-level travel time spent in this place.
 D = Time resting spent in this place.
 E = Time spent auto-exploring this place.
 F = Levels seen in this place.
 G = Mean time per level.
                   A        B        C        D        E       F      G
               +--------+--------+--------+--------+--------+-----+--------+
         Total |   6564 |   6383 |    181 |    275 |   4430 |   5 | 1312.8 |
       Dungeon |   6564 |   6383 |    181 |    275 |   4430 |   5 | 1312.8 |
               +--------+--------+--------+--------+--------+-----+--------+

Top non-repeatable levels by time:
     D:2: 2468 daAuts
     D:3: 1416 daAuts
     D:4: 993 daAuts
     D:5: 985 daAuts
     D:1: 701 daAuts
